 Dungeon Crawl Stone Soup version 0.27.1-33-g824d729ab1 (webtiles) character file.

Game seed: 12307781654418603127

58 zeram the Ducker (level 3, -5/19 HPs)
             Began as a Spriggan Fighter on Dec 13, 2021.
             Killed from afar by an orc wizard (9 damage)
             ... with a puff of flame
             ... on level 3 of the Dungeon.
             The game lasted 00:02:41 (1536 turns).

zeram the Ducker (Spriggan Fighter)                 Turns: 1536, Time: 00:02:42

Health: -5/19      AC:  2    Str: 12    XL:     3   Next: 75%
Magic:  4/4        EV: 18    Int: 10    God:
Gold:   71         SH:  6    Dex: 14    Spells: 2/2 levels left

rFire    . . .     SeeInvis +   h - +0 dagger (venom)
rCold    . . .     Faith    .   c - +0 buckler
rNeg     . . .     Spirit   .   b - +0 robe
rPois    .         Reflect  .   (helmet restricted)
rElec    .         Harm     .   (no cloak)
rCorr    .         Rampage  .   (gloves unavailable)
Will     .....                  (boots unavailable)
Stlth    +.........             (no amulet)
HPRegen  0.06/turn              (no ring)
MPRegen  0.09/turn              (no ring)

@: very quick
A: very small, no large weapons, unfitting armour, see invisible, speed 3
a: no special abilities


You were on level 3 of the Dungeon.
You visited 1 branch of the dungeon, and saw 3 of its levels.

You collected 71 gold pieces.

Inventory:

Hand Weapons
 a - a +0 rapier
 h - a +0 dagger of venom (weapon)
 j - a +0 vorpal dagger
Armour
 b - a +0 robe (worn)
 c - a +0 buckler (worn)
Scrolls
 f - a scroll of blinking
Potions
 d - a potion of might
 g - a potion of curing
 i - a potion of degeneration {unknown}
 l - a potion of cancellation {unknown}


   Skills:
 - Level 2.4 Fighting
 + Level 2.9 Short Blades
 + Level 4.9 Dodging
 * Level 2.8 Shields


You had 2 spell levels left.
You didn't know any spells.
Your spell library was empty.

Dungeon Overview and Level Annotations

Branches:
Dungeon (3/15)

Altars:


Innate Abilities, Weirdness & Mutations

You are very small and have problems with some larger weapons.
You are too small for most types of armour.
You have supernaturally acute eyesight. (SInv)
You cover ground extremely quickly. (Speed+++)


Message History

The orc barely misses you.
You closely miss the orc. The orc closely misses you.
The orc hits you with a +0 hand axe.
You hit the orc.
The orc is poisoned.
The orc is heavily wounded.
You block the orc's attack.
An orc comes into view. It is wielding a +0 hand axe.
You barely miss the orc wizard.
The orc shouts!
You block the orc wizard's attack.
You hit the orc wizard but do no damage.
The orc wizard is poisoned.
The orc closely misses you. The orc hits you with a +0 hand axe.
The orc wizard casts a spell.
The orc wizard flickers and vanishes for a moment.
You block the orc's attack.
You hit the orc.
The orc is heavily wounded.
You kill the orc!
You block the orc's attack.
The orc wizard hits you with a +0 dagger.
The orc barely misses you.
You hit the orc.
The orc is almost dead.
The orc barely misses you. The orc wizard completely misses you.
The orc hits you but does no damage.
You hit the orc.
You kill the orc!
The orc hits you with a +0 hand axe. The orc wizard closely misses you.
You hit the orc but do no damage. The orc closely misses you. x2
The orc wizard misses you.
You closely miss the orc. The orc misses you. The orc completely misses you.
The orc wizard hits you with a +0 dagger.
* * * LOW HITPOINT WARNING * * *
The orc throws a boomerang.
You block the boomerang.
You kill the orc!
You open the door.
The orc wizard gestures at you while chanting.
The puff of flame hits you!
You die...

#.##.#.#..##.#
#............#
#########.#.#######
#<........#.......#
#################.#
#########.....#.#
..........###.#.########
.......)..'....>........
.......†.@###.#...#####.
.....<....# #.........
####...### ###.#.#....
#.))+ #......... #.oo#
###....... #..)# .......
#...# .#..... ......
.......


You could see an orc wizard (invisible, poisoned).

Vanquished Creatures
  A dart slug (D:1)
  5 orcs
  6 endoplasms
  4 giant cockroaches
  5 goblins
  3 jackals (D:2)
  A kobold (D:1)
  4 quokkas
  3 ball pythons
  5 bats
  A frilled lizard (D:2)
  5 rats
43 creatures vanquished.

Vanquished Creatures (others)
  A plant (D:2)
1 creature vanquished.

Grand Total: 44 creatures vanquished

Notes
Turn   | Place    | Note
-------+----------+-------------------------------------------
     0 | D:1      | zeram the Spriggan Fighter began the quest for the Orb.
     0 | D:1      | Reached XP level 1. HP: 11/11 MP: 2/2
   118 | D:1      | Reached XP level 2. HP: 16/16 MP: 3/3
   168 | D:1      | Found a faded altar of an unknown god.
   854 | D:2      | Reached XP level 3. HP: 18/19 MP: 4/4
  1536 | D:3      | Killed from afar by an orc wizard

Illustrated notes

Levels and vault maps discovered:
D:1:      dpeg_arrival_rhombus, layout_rooms, ebering_ecumenical_altar_box,
          minmay_domino_2
D:2:      layout_rooms, serial_bayou_pond_b, chequers_decorated_corner,
          grunt_ministairs_2
D:3:      layout_basic, nicolae_sif_muna_condensation, minmay_parallelograms,
          uniq_ijyb

Action                   || total
-------------------------++-------
Melee: Rapier            ||    26
       Dagger            ||    86
  Use: Scroll            ||     6
 Stab: Sleeping          ||     3
Armor: Robe              ||     7
Dodge: Dodged            ||    93
Block: Buckler           ||    31
